 Dungeon Crawl Stone Soup version 0.23-a0-183-gf37f6fb (webtiles) character file.

28 iamserjio the Charmwright (level 2, -4/23 HPs)
             Began as a Draconian Wanderer on Sept 22, 2018.
             Killed by divine providence
             ... invoked by an orc priest
              (15 damage)
             ... on level 2 of the Dungeon.
             The game lasted 00:03:03 (1641 turns).

iamserjio the Charmwright (Draconian Wanderer)      Turns: 1641, Time: 00:03:04

Health: -4/23      AC:  5    Str: 17    XL:     2   Next: 96%
Magic:  3/3        EV: 11    Int: 10    God:
Gold:   46         SH:  0    Dex:  9    Spells: 2/3 levels left

rFire    . . .     SeeInvis .   b - +0 spear
rCold    . . .     Gourm    .   (no shield)
rNeg     . . .     Faith    .   (armour unavailable)
rPois    .         Spirit   .   (helmet restricted)
rElec    .         Reflect  .   (no cloak)
rCorr    .         Harm     .   a - +0 pair of gloves
MR       .....                  (no boots)
Stlth    +.........             (no amulet)
HPRegen  0.07/turn              (no ring)
MPRegen  0.08/turn              (no ring)

@: no status effects
A: unfitting armour, cold-blooded, AC +4
a: no special abilities


You were on level 2 of the Dungeon.
You were not hungry.

You visited 1 branch of the dungeon, and saw 2 of its levels.

You collected 46 gold pieces.

Inventory:

Hand Weapons
 b - a +0 spear (weapon)
 d - a +0 club
Missiles
 c - 32 arrows
 i - 27 sling bullets
Armour
 a - a +0 pair of gloves (worn)
Jewellery
 m - a cursed ring of attention {unknown}
Scrolls
 j - a scroll of enchant weapon {unknown}
Potions
 e - a potion of flight {unknown}
 g - 2 potions of magic {unknown}
 h - a potion of lignification {unknown}
 k - a potion of resistance {unknown}
Comestibles
 f - 4 rations


   Skills:
 + Level 1.4 Fighting
   Level 2.0 Shields
 * Level 2.1 Unarmed Combat
 + Level 1.0 Spellcasting
   Level 3.6 Charms
   Level 1.0 Translocations
 - Level 2.0 Poison Magic


You had 2 spell levels left.
You knew the following spells:

 Your Spells              Type           Power        Failure   Level  Hunger
a - Sting                 Conj/Pois      #...         22%         1    ##.....

Your spell library contained the following spells:

 Spells                   Type           Power        Failure   Level  Hunger
 Apportation              Tloc           #.....       22%         1    ##.....
 Sandblast                Erth           #.....       34%         1    ##.....
 Poisonous Vapours        Pois/Air       #.....       34%         2    ###....
 Mephitic Cloud           Conj/Pois/Air  #.......     61%         3    ####...
 Portal Projectile        Hex/Tloc       #.....       63%         3    ####...
 Stone Arrow              Conj/Erth      #.....       71%         3    ####...
 Olgreb's Toxic Radiance  Pois           #.......     83%         4    #####..
 Venom Bolt               Conj/Pois      #.........   99%         5    ######.


Dungeon Overview and Level Annotations

Branches:
Dungeon (2/15)

Altars:


Innate Abilities, Weirdness & Mutations

Your plain brown scales are hard. (AC +4)
You cannot fit into any form of body armour.
You are cold-blooded and may be slowed by cold attacks.


Message History

You see here a club.
Eating a chunk of flesh.
You eat the chunk of flesh.
Magic restored.
There is a stone staircase leading up here.
Found a stone staircase leading down.
You open the door. 2 orcs, an orc priest and an orc wizard come into view.
The orc shouts!
The orc priest shouts!
The orc shouts!
The orc wizard shouts!
The orc priest casts a cantrip, but nothing happens.
The orc wizard points at you and mumbles some strange words.
The puff of flame hits you!
Found a ration.
There are monsters nearby!
The orc priest invokes the aid of Beogh against you.
Beogh smites you!
Ouch! That really hurt!
The orc priest invokes the aid of Beogh against you.
Beogh smites you!
Ouch! That really hurt!
You die...

#######.###.#########
............#
#######.##### #.# #.# #.#
#.#### ### #....##..
##.## ######@...>..#
##.#.######.o.....#.##...
#.#.....oo..###...#.# #
##...#########......#
##.## ##...#.# #.#
##....# ###.##### #.####
........# #.# ###.###o#
+#


You could see an orc priest and an orc.

Vanquished Creatures
  A gnoll (D:1)
  A dart slug (D:2)
  5 goblins (D:1)
  3 hobgoblins
  2 kobolds (D:1)
  A ball python (D:1)
  2 bats (D:1)
  A rat (D:1)
16 creatures vanquished.

Notes
Turn   | Place    | Note
-------+----------+-------------------------------------------
     0 | D:1      | iamserjio the Draconian Wanderer began the quest for the
                  | Orb.
     0 | D:1      | iamserjio set off with: a +0 club, a ration
     0 | D:1      | Reached XP level 1. HP: 14/14 MP: 2/2
    13 | D:1      | Learned a level 1 spell: Sting
   284 | D:1      | Reached skill level 1 in Fighting
   284 | D:1      | Reached skill level 1 in Unarmed Combat
   284 | D:1      | Reached XP level 2. HP: 12/23 MP: 0/3
  1641 | D:2      | Killed from afar by an orc priest

Vault maps used:
D:1:      saegor_arrival_simple_d
D:2:      vehumet_crystals

Skill      XL: |  1  2 |
---------------+-------+-----
Fighting       | 1 |  1.4
Unarmed Combat | 1 2 |  2.1
Shields        | |  2.0
Spellcasting   | |  1.0
Charms         | |  3.6
Translocations | |  1.0
Poison Magic   | |  2.0

Action                   || total
-------------------------++-------
Melee: Club              ||    26
       Tailslap          ||     1
       Spear             ||    11
 Cast: Sting             ||    13
 Stab: Sleeping          ||     1
  Eat: Chunk             ||     3
Armor: Skin              ||    15
Dodge: Dodged            ||    22

Table legend:
 A = Non-vault XP
 B = Vault XP
 C = Vault XP percentage of total XP
 D = Non-vault monster count
 E = Vault monster count
 F = Vault count percentage of total count
                 A         B        C        D         E       F
            +---------+---------+-------+---------+---------+-------
      Total |      40 |       0 |   0.0 |      16 |       0 |   0.0
            +---------+---------+-------+---------+---------+-------
        D:1 |      34 |       0 |   0.0 |      14 |       0 |   0.0
        D:2 |       6 |       0 |   0.0 |       2 |       0 |   0.0
            +---------+---------+-------+---------+---------+-------
